 Dungeon Crawl Stone Soup version 0.30.1-11-g7821555f0a (webtiles) character file.

Game seed: 9764867718064876446

156 Lutefisk the Gusty (level 5, -1/32 HPs)
             Began as a Tengu Air Elementalist on Dec 9, 2023.
             Shot with an arrow by a centaur (8 damage)
             ... on level 4 of the Dungeon.
             The game lasted 00:09:20 (1016 turns).

Lutefisk the Gusty (Tengu Air Elementalist)         Turns: 1016, Time: 00:09:21

Health: -1/32      AC:  3    Str:  9    XL:     5   Next: 37%
Magic:  9/9        EV: 14    Int: 17    God:
Gold:   89         SH:  0    Dex: 14    Spells: 5/8 levels left

rFire   . . .        f - +1 hand axe (drain)
rCold   . . .        (no shield)
rNeg    . . .        a - +0 robe
rPois   .            (helmet restricted)
rElec   .            (no cloak)
rCorr   .            (no gloves)
SInv    .            (boots unavailable)
Will    .....        (no amulet)
Stlth   ++           (no ring)
HPRegen 0.25/turn    (no ring)
MPRegen 0.11/turn

%: clarity
@: flying quickly and evasively, quick
A: beak, talons 3, nimble flight, clarity, shaggy fur 1
a: no special abilities


You were on level 4 of the Dungeon.
You visited 1 branch of the dungeon, and saw 4 of its levels.

You collected 109 gold pieces.
You spent 20 gold pieces at shops.

Inventory:

Hand Weapons
 f - a +1 hand axe of draining (weapon)
Missiles
 i - 5 poisoned darts (quivered)
Armour
 a - a +0 robe (worn)
Scrolls
 e - a scroll of fog {unknown}
 g - a scroll of teleportation {unknown}
 h - 2 scrolls of amnesia
 l - 2 scrolls of fear {unknown}
 n - a scroll of immolation {unknown}
 o - a scroll of noise {unknown}
Potions
 b - a potion of magic
 c - a potion of flight {unknown}
 d - a potion of heal wounds {unknown}
 j - a potion of mutation
 k - a potion of curing {unknown}
 m - a potion of might {unknown}


   Skills:
 - Level 3.0 Fighting
 * Level 0.1 Armour
 * Level 2.2 Dodging
 - Level 2.0 Stealth
 - Level 2.0 Spellcasting
 - Level 3.0 Conjurations
 * Level 5.8 Air Magic


You had 5 spell levels left.
You knew the following spells:

 Your Spells              Type           Power      Damage    Failure   Level
a - Shock                 Conj/Air       64%        1d7       3%          1
b - Static Discharge      Conj/Air       32%        2-4/arc   4%          2

Your spell library contained the following spells:

 Spells                   Type           Power      Damage    Failure   Level
 Swiftness                Air            21%        N/A       5%          3
 Airstrike                Air            10%        2d(2-18)  19%         4


Dungeon Overview and Level Annotations

Branches:
Dungeon (4/15)
 Temple: D:4-7

Altars:

Shops:
D:2 ?[   D:3 :

Annotations:
D:2 1 runed translucent door, Crazy Yiuf


Innate Abilities, Weirdness & Mutations

You have a beak for a mouth.
You have claws for feet.
Your magical nature lets you fly swiftly and evasively.
You possess an exceptional clarity of mind.
You are covered in fur. (AC +1)


Message History

Found a long sword.
Found 4 poisoned darts.
Found 13 gold pieces.
i - 5 poisoned darts (gained 4)
Found 9 gold pieces.
You now have 69 gold pieces (gained 13).
You now have 78 gold pieces (gained 9).
Found a leather armour.
Found a stone staircase leading down.
There is a stone staircase leading down here.
You fly downwards.
Found a scroll labelled ZYUTZO HONITYFONK.
There is a stone staircase leading up here.
Found 11 gold pieces.
An endoplasm comes into view.
The endoplasm quivers.
You see here a scroll labelled ZYUTZO HONITYFONK.
l - 2 scrolls labelled ZYUTZO HONITYFONK (gained 1)
Casting: Shock (safe; 3% risk of failure)
Confirm with . or Enter, or press ? or * to list all spells.
Aiming: Shock (safe; 3% risk of failure)
Press: ? - help, Shift-Dir - straight line, f - endoplasm
Aim: an endoplasm (98% to hit)
The zap hits the endoplasm.
The endoplasm is severely wounded.
You completely miss the endoplasm.
The endoplasm is severely wounded.
The endoplasm closely misses you.
You hit the endoplasm but do no damage. You drain the endoplasm.
You kill the endoplasm!
You now have 89 gold pieces (gained 11).
A centaur comes into view.
The centaur wields a +0 shortbow.
The centaur shoots an arrow.
The arrow hits you!
The centaur shoots an arrow.
The arrow closely misses you.
The centaur shoots an arrow.
The arrow hits you!
* * * LOW HITPOINT WARNING * * *
It was a potion of mutation.
You feel extremely strange. Fur sprouts all over your body.
Your thoughts seem clearer.
The centaur shoots an arrow.
The arrow hits you!
You die...

.....##...##....#
.....##...##....#
..........##....#
....##...##....#
### ##.........#
#..........#
#..........#
###########...#
.......@......#
..#...#...##.##
...c.........#
..#...#...####
...........#
############


You could see a centaur.

Vanquished Creatures
  Natasha (thrice) (D:2)
  4 adders
  A worm (D:2)
  A dart slug (D:2)
  3 endoplasms
  5 goblins
  5 hobgoblins
  A quokka (D:2)
  7 ball pythons
  2 bats (D:1)
  4 frilled lizards
  6 kobolds
  4 rats
46 creatures vanquished.

Notes
Turn   | Place    | Note
-------+----------+-------------------------------------------
     0 | D:1      | Lutefisk the Tengu Air Elementalist began the quest for the
                  | Orb.
     0 | D:1      | Reached XP level 1. HP: 10/10 MP: 4/4
    34 | D:1      | Reached skill level 1 in Fighting
   117 | D:1      | Reached XP level 2. HP: 16/16 MP: 3/6
   199 | D:2      | Found Xyshafaba's Magic Scroll Shoppe.
   199 | D:2      | Found Qeikhlis's Antique Armour Shop.
   276 | D:2      | Reached XP level 3. HP: 22/22 MP: 3/7
   406 | D:2      | Noticed Natasha
   412 | D:2      | Killed Natasha
   472 | D:3      | Learned a level 2 spell: Static Discharge
   503 | D:2      | Found a runed translucent door.
   504 | D:2      | Noticed Crazy Yiuf
   539 | D:2      | Reached XP level 4. HP: 27/28 MP: 3/8
   593 | D:2      | Bought a scroll of identify for 20 gold pieces
   647 | D:2      | Noticed Natasha
   655 | D:2      | Killed Natasha
   657 | D:2      | Noticed Natasha
   678 | D:2      | Killed Natasha
   679 | D:2      | Reached skill level 5 in Air Magic
   679 | D:2      | Gained mutation: Your magical nature lets you fly swiftly
                  | and evasively. [Tengu growth]
   679 | D:2      | Reached XP level 5. HP: 21/32 MP: 2/9
   764 | D:3      | Found Tirumn's Book Shop.
  1012 | D:4      | Noticed a centaur
  1016 | D:4      | Gained mutation: You are covered in fur. (AC +1) [potion of
                  | mutation]
  1016 | D:4      | Gained mutation: You possess an exceptional clarity of
                  | mind. [potion of mutation]
  1016 | D:4      | Shot with an arrow by a centaur

Illustrated notes

Levels and vault maps discovered:
D:1:      dpeg_arrival_morbid_curiosity, layout_loops_ring,
          nicolae_ecumenical_snake_handling, kennysheep_minor_cross
D:2:      layout_rooms, serial_shops, shop, nicolae_square_shop,
          uniq_crazy_yiuf_cottage, uniq_natasha
D:3:      layout_loops_ring, serial_shops, nicolae_shop_tiny_statue_garden,
          hellmonk_no_cap
D:4:      layout_gridville, palyth_temple_overflow_mages,
          lemuel_coloured_pillars_altar

Skill      XL: |  1  2  3  4 |
---------------+-------------+-----
Fighting       | 1 2 3 |  3.0
Conjurations   | 2 3 |  3.0
Air Magic      | 5 |  5.8
Armour         | |  0.1
Dodging        | |  2.2
Stealth        | |  2.0
Spellcasting   | |  2.0

Action                     |  1- 3 |  4- 6 || total
---------------------------+-------+-------++-------
  Melee: Unarmed           |     4 |       ||     4
         Kick              |     6 |     3 ||     9
         Hand axe          |    23 |    15 ||    38
         Peck              |     3 |     1 ||     4
  Throw: Dart              |       |     3 ||     3
   Cast: Shock             |    32 |    25 ||    57
    Use: Scroll            |       |     1 ||     1
         Potion            |       |     1 ||     1
   Stab: Sleeping          |     1 |     1 ||     2
 Armour: Robe              |     8 |     4 ||    12
  Dodge: Dodged            |    23 |    13 ||    36
